 Dungeon Crawl Stone Soup version 0.18.1-48-g4cf74bf (webtiles) character file.

50 MistressOfTheDunes the Insei (level 3, 0/29 HPs)
             Began as a Mummy Monk on June 25, 2016.
             Slain by a giant frog zombie (3 damage)
             ... on level 3 of the Dungeon.
             The game lasted 00:03:42 (4747 turns).

MistressOfTheDunes the Insei (Mummy Monk)           Turns: 4747, Time: 00:03:42

Health: 0/29       AC:  1    Str: 14    XL:     3   Next: 55%
Magic:  3/3        EV: 13    Int:  9    God:
Gold:   35         SH:  0    Dex: 15    Spells: 0 memorised, 2 levels left

rFire  x . .     SeeInvis .       - Unarmed
rCold  + . .     Gourm    .     (no armour)
rNeg   + + +     Faith    .     (no shield)
rPois  ∞         Spirit   .     (no helmet)
rElec  .         Dismiss  .     (no cloak)
rCorr  .         Reflect  .     (no gloves)
SustAt .         Harm     .     e - +0 pair of boots
MR     .....                    (no amulet)
Stlth  ++........               (no ring)
                                (no ring)

@: not resistant to hostile enchantments, unstealthy
A: no food or potions, fire vulnerability, cold resistance 1, negative energy
resistance 3, torment resistance, unbreathing
a: no special abilities


You were on level 3 of the Dungeon.
You were not hungry.

You visited 1 branch of the dungeon, and saw 3 of its levels.

You collected 35 gold pieces.


Innate Abilities, Weirdness & Mutations

You do not eat or drink.
Your flesh is vulnerable to fire.
You are immune to poison.
Your flesh is cold resistant.
You are immune to negative energy.
You are immune to unholy pain and torment.
You can survive without breathing.


   Skills:
 - Level 3.0 Fighting
 - Level 2.4 Dodging
 - Level 1.5 Stealth
 + Level 4.4 Unarmed Combat


You had 2 spell levels left.
You didn't know any spells.

Inventory:

Armour
 e - a +0 pair of boots (worn)
Scrolls
 a - a scroll of remove curse
 b - a scroll of immolation {!r}
 c - a scroll of teleportation {@r4}
 d - a scroll of enchant armour {unknown}

Dungeon Overview and Level Annotations

Branches:
Dungeon (3/15)

Altars:
Ashenzari

Annotations:
D:2 Crazy Yiuf

▒▒▒ ▒M▒
▒Z▒ .£▒
...+
....▒
.....▒
..?...▒
.......▒


You could see a giant frog zombie.


Message History

A giant frog zombie comes into view!
You swing at nothing!
You barely miss the hobgoblin! The hobgoblin completely misses you!
You beat the hobgoblin into a bloody pulp!!!
You annihilate the hobgoblin!!!
You swing at nothing!
You swing at nothing!
You barely miss the giant frog zombie!
The giant frog zombie closely misses you!
The giant frog zombie barely misses you!
You squash the giant frog zombie like an ant!
The giant frog zombie completely misses you!
You pummel the giant frog zombie like a punching bag!!!
You punch the giant frog zombie!
The giant frog zombie closely misses you!
You pummel the giant frog zombie like a punching bag!
The giant frog zombie barely misses you!
You pummel the giant frog zombie like a punching bag!
The giant frog zombie misses you!
You pound the giant frog zombie into fine dust!
The giant frog zombie hits you! * * * don't die
* * * You pummel the giant frog zombie like a punching bag!!!
The giant frog zombie hits you!!! * * * don't die
* * * You closely miss the giant frog zombie!
The giant frog zombie barely misses you! x2
You pound the giant frog zombie into fine dust!
The giant frog zombie hits you! rip

Action                   || total
-------------------------++-------
Melee: Unarmed           ||   118
       Punch             ||     4
  Use: Scroll            ||     3
 Stab: Sleeping          ||     3
Armor: Skin              ||     2
Dodge: Dodged            ||    90

Vault maps used:
D:1:      onia_arrival_mini_spirals, glass_columns_a
D:2:      grunt_ministairs_13, minmay_misc_feat_square,
          grunt_ashenzari_visionary, uniq_crazy_yiuf_cottage
D:3:      first_bread, uniq_jessica, uniq_natasha

Notes
Turn   | Place    | Note
--------------------------------------------------------------
     0 | D:1      | MistressOfTheDunes the Mummy Monk began the quest for the Orb.
     0 | D:1      | Reached XP level 1. HP: 18/18 MP: 1/1
   244 | D:1      | Reached XP level 2. HP: 6/24 MP: 2/2
  1467 | D:1      | Reached skill level 4 in Unarmed Combat
  3730 | D:1      | Noticed a giant frog
  3812 | D:2      | Reached XP level 3. HP: 27/29 MP: 3/3
  3936 | D:2      | Noticed Crazy Yiuf
  4115 | D:2      | Found a shattered altar of Ashenzari.
  4119 | D:2      | Saw a vision of the Shoals and the Snake Pit.
  4119 | D:2      | Noticed a hippogriff
  4119 | D:2      | Noticed a merfolk
  4119 | D:2      | Noticed a merfolk
  4119 | D:2      | Noticed a centaur
  4119 | D:2      | Noticed a black mamba
  4119 | D:2      | Noticed an anaconda
  4119 | D:2      | Noticed a naga
  4119 | D:2      | Noticed a naga mage
  4120 | D:2      | Noticed a sea snake
  4120 | D:2      | Noticed a naga ritualist
  4120 | D:2      | Noticed a black mamba
  4121 | D:2      | Noticed a naga warrior
  4164 | D:2      | HP: 1/29 [kobold/club (4)]
  4747 | D:3      | Slain by a giant frog zombie

Vanquished Creatures
  An adder (D:2)
  A worm (D:1)
  A dart slug (D:1)
  6 giant cockroaches
  6 goblins
  2 hobgoblins
  4 kobolds
  A ball python (D:1)
  7 bats
  5 rats (D:1)
34 creatures vanquished.
